NCAA
MINNESOTA GOLDEN GOPHERS @ CONNECTICUT HUSKIES
04/28/2026
 
TOP OF THE 1ST
Minnesota Golden Gophers batting - Pitching for Connecticut Huskies : RHP Ken Hensley
Pitching: RHP Ken Hensley
Batting: SHB Sean Brown 0-0: Foul Ball, location: 2F
0-1: Ball
1-1: Ball
2-1: Swinging Strike
2-2: Ball
3-2: Foul Ball, location: 2F
3-2: Base on Balls
Batting: RHB Tim Glendonwyn 0-0: Called Strike
0-1: Ball
1-1: Called Strike
1-2: Foul Ball, location: 2F
1-2: Ball
2-2: Ball
3-2: Base on Balls
Sean Brown to second
Batting: LHB Ralph Cobb 0-0: Ball
1-0: SINGLE (Groundball, 34D)
Sean Brown to third
Tim Glendonwyn to second
Batting: RHB Julián Ramírez 0-0: Ball
1-0: Ball
2-0: Ball
3-0: Called Strike
3-1: Foul Ball, location: 2F
3-2: Strikes out swinging
Batting: RHB Ronald Smith 0-0: Called Strike
0-1: Foul Ball, location: 2F
0-2: Ball
1-2: Ball
2-2: Strikes out swinging
Batting: RHB Miguel Rodríguez 0-0: Ball
1-0: Fly out, F9 (Line Drive, 9M)
Top of the 1st over - 0 run(s), 1 hit(s), 0 error(s), 3 left on base; Minnesota 0 - Connecticut 0
BOTTOM OF THE 1ST
Connecticut Huskies batting - Pitching for Minnesota Golden Gophers : RHP Ronald Jordan
Pitching: RHP Ronald Jordan
Batting: RHB Jake Osborn 0-0: SINGLE (Line Drive, 4M)
Batting: RHB Thomas Moore 0-0: Ball
Jake Osborn is caught stealing 2nd base
1-0: Ball
2-0: Foul Ball, location: 2F
2-1: Called Strike
2-2: Ball
3-2: Strikes out swinging
Batting: LHB Arthur MacDonald 0-0: Ball
1-0: Ball
2-0: Called Strike
2-1: Fly out, F7 (Flyball, 7LS)
Bottom of the 1st over - 0 run(s), 1 hit(s), 0 error(s), 0 left on base; Minnesota 0 - Connecticut 0
TOP OF THE 2ND
Minnesota Golden Gophers batting - Pitching for Connecticut Huskies : RHP Ken Hensley
Batting: RHB Christian Nash 0-0: Ball
1-0: Ball
2-0: Ball
3-0: Called Strike
3-1: Fly out, F3 (Popup, 3F)
Batting: LHB Tony Ayala 0-0: Ball
1-0: SOLO HOME RUN (Flyball, 7D), Distance : 361 ft
Batting: RHB William Elliott 0-0: Called Strike
0-1: Foul Ball, location: 2F
0-2: Ball
1-2: Ground out 6-3 (Groundball, 6)
Batting: SHB Sean Brown 0-0: Called Strike
0-1: Swinging Strike
0-2: Ground out 5-3 (Groundball, 56S)
Top of the 2nd over - 1 run(s), 1 hit(s), 0 error(s), 0 left on base; Minnesota 1 - Connecticut 0
BOTTOM OF THE 2ND
Connecticut Huskies batting - Pitching for Minnesota Golden Gophers : RHP Ronald Jordan
Batting: RHB Carlos Marino 0-0: Called Strike
0-1: Foul Ball, location: 2F
0-2: Strikes out swinging
Batting: RHB Eric Black 0-0: Ball
1-0: SINGLE (Line Drive, 56D)
Batting: SHB Dalton Rowe 0-0: Ball
1-0: Ball
2-0: Ball
3-0: Base on Balls
Eric Black to second
Batting: RHB Terry Dalton 0-0: Ball
1-0: Swinging Strike
1-1: Called Strike
1-2: Fly out, F9 (Flyball, 89S)
Batting: RHB Michael Cobb 0-0: Swinging Strike
0-1: Ball
1-1: Called Strike
1-2: Strikes out swinging
Bottom of the 2nd over - 0 run(s), 1 hit(s), 0 error(s), 2 left on base; Minnesota 1 - Connecticut 0
TOP OF THE 3RD
Minnesota Golden Gophers batting - Pitching for Connecticut Huskies : RHP Ken Hensley
Batting: RHB Tim Glendonwyn 0-0: Foul Ball, location: 2F
0-1: Ball
1-1: Foul Ball, location: 2F
1-2: Ball
2-2: Ball
3-2: Ground out 1-3 (Groundball, 23)
Batting: LHB Ralph Cobb 0-0: Called Strike
0-1: SINGLE (Line Drive, 5)
Batting: RHB Julián Ramírez 0-0: Ball
1-0: Swinging Strike
1-1: Foul Ball, location: 2F
1-2: Strikes out swinging
Batting: RHB Ronald Smith 0-0: Ball
Ralph Cobb is caught stealing 2nd base
Top of the 3rd over - 0 run(s), 1 hit(s), 0 error(s), 0 left on base; Minnesota 1 - Connecticut 0
BOTTOM OF THE 3RD
Connecticut Huskies batting - Pitching for Minnesota Golden Gophers : RHP Ronald Jordan
Batting: RHB Ed Gaston 0-0: Ball
1-0: SINGLE (Line Drive, 6MD)
Batting: RHB Jake Osborn 0-0: Called Strike
0-1: Hit by Pitch
Ed Gaston to second
Batting: RHB Thomas Moore 0-0: Ball
1-0: Called Strike
1-1: Swinging Strike
1-2: Strikes out swinging
Batting: LHB Arthur MacDonald 0-0: Called Strike
0-1: Swinging Strike
0-2: Ball
1-2: Ball
2-2: Foul Ball, location: 2F
2-2: Foul Ball, location: 2F
2-2: Ball
3-2: TRIPLE (Line Drive, 8RXD)
Ed Gaston scores
Jake Osborn scores
Batting: RHB Carlos Marino 0-0: Ball
1-0: Ball
2-0: Ground out 5-3 (Groundball, 56)
Arthur MacDonald scores
Batting: RHB Eric Black 0-0: Swinging Strike
0-1: Ball
1-1: Foul Ball, location: 2F
1-2: Ball
2-2: Ground out 6-3 (Groundball, 6M)
Bottom of the 3rd over - 3 run(s), 2 hit(s), 0 error(s), 0 left on base; Minnesota 1 - Connecticut 3
TOP OF THE 4TH
Minnesota Golden Gophers batting - Pitching for Connecticut Huskies : RHP Ken Hensley
Batting: RHB Ronald Smith 0-0: Called Strike
0-1: Swinging Strike
0-2: Ball
1-2: Strikes out swinging
Batting: RHB Miguel Rodríguez 0-0: Foul Ball, location: 2F
0-1: Ball
1-1: Foul Ball, location: 2F
1-2: Ball
2-2: Strikes out swinging
Batting: RHB Christian Nash 0-0: Called Strike
0-1: Called Strike
0-2: SOLO HOME RUN (Flyball, 89XD), Distance : 381 ft
Batting: LHB Tony Ayala 0-0: Ball
1-0: Ball
2-0: Ball
3-0: Called Strike
3-1: Foul Ball, location: 2F
3-2: Base on Balls
Batting: RHB William Elliott 0-0: Ball
1-0: Foul Ball, location: 2F
1-1: Called Strike
1-2: SINGLE (Groundball, 6MD) (infield hit)
Tony Ayala to second
Batting: SHB Sean Brown 0-0: Called Strike
0-1: Ball
Wild Pitch!
Tony Ayala to third
William Elliott to second
1-1: Called Strike
1-2: Foul Ball, location: 2F
1-2: Strikes out swinging
Top of the 4th over - 1 run(s), 2 hit(s), 0 error(s), 2 left on base; Minnesota 2 - Connecticut 3
BOTTOM OF THE 4TH
Connecticut Huskies batting - Pitching for Minnesota Golden Gophers : RHP Ronald Jordan
Batting: SHB Dalton Rowe 0-0: Fly out, F7 (Flyball, 78M)
Batting: RHB Terry Dalton 0-0: Called Strike
0-1: Ball
1-1: Called Strike
1-2: Ball
2-2: Ball
3-2: Base on Balls
Batting: RHB Michael Cobb 0-0: Called Strike
0-1: Ball
1-1: Called Strike
1-2: Strikes out looking
Batting: RHB Ed Gaston 0-0: Swinging Strike
0-1: Ball
1-1: Ball
2-1: Foul Ball, location: 2F
2-2: Strikes out swinging
Bottom of the 4th over - 0 run(s), 0 hit(s), 0 error(s), 1 left on base; Minnesota 2 - Connecticut 3
TOP OF THE 5TH
Minnesota Golden Gophers batting - Pitching for Connecticut Huskies : RHP Ken Hensley
Pitching: RHP Mark Schmidt
Batting: RHB Tim Glendonwyn 0-0: Ball
1-0: Called Strike
1-1: Ground out 5-3 (Groundball, 5S)
Batting: LHB Ralph Cobb 0-0: Foul Ball, location: 2F
0-1: SINGLE (Line Drive, 56D)
Batting: RHB Julián Ramírez 0-0: Ball
1-0: Ball
Ralph Cobb is caught stealing 2nd base
2-0: Swinging Strike
2-1: Called Strike
2-2: SINGLE (Line Drive, 7LS)
Batting: RHB Ronald Smith 0-0: Swinging Strike
0-1: Ball
1-1: Fly out, F4 (Popup, 4M)
Top of the 5th over - 0 run(s), 2 hit(s), 0 error(s), 1 left on base; Minnesota 2 - Connecticut 3
BOTTOM OF THE 5TH
Connecticut Huskies batting - Pitching for Minnesota Golden Gophers : RHP Ronald Jordan
Batting: RHB Jake Osborn 0-0: Called Strike
0-1: Ball
1-1: Foul Ball, location: 2F
1-2: Foul Ball, location: 2F
1-2: Ball
2-2: Foul Ball, location: 2F
2-2: Strikes out swinging
Batting: RHB Thomas Moore 0-0: Ball
1-0: Ball
2-0: Called Strike
2-1: Foul Ball, location: 2F
2-2: Ball
3-2: SINGLE (Groundball, 4M)
Pitching: RHP Franklin Booth
Batting: LHB Arthur MacDonald 0-0: Called Strike
0-1: Ball
1-1: Foul Ball, location: 2F
1-2: Ball
2-2: Ball
3-2: Fielders Choice at 2nd, 6-4 (Groundball, 6)
Batting: RHB Carlos Marino 0-0: Ball
Arthur MacDonald is caught stealing 2nd base
Bottom of the 5th over - 0 run(s), 1 hit(s), 0 error(s), 0 left on base; Minnesota 2 - Connecticut 3
TOP OF THE 6TH
Minnesota Golden Gophers batting - Pitching for Connecticut Huskies : RHP Mark Schmidt
Batting: RHB Miguel Rodríguez 0-0: Ball
1-0: Foul Ball, location: 2F
1-1: Ball
2-1: Ball
3-1: Base on Balls
Batting: RHB Christian Nash 0-0: Ball
1-0: Grounds into double play, 4-6-3 (Groundball, 34)
Batting: LHB Tony Ayala 0-0: Called Strike
0-1: Ball
1-1: Ball
2-1: Ball
3-1: Foul Ball, location: 2F
3-2: Foul Ball, location: 2F
3-2: Base on Balls
Batting: RHB William Elliott 0-0: Called Strike
0-1: Foul Ball, location: 2F
0-2: Ball
1-2: Ball
2-2: Foul Ball, location: 2F
2-2: Ground out 4-3 (Groundball, 4)
Top of the 6th over - 0 run(s), 0 hit(s), 0 error(s), 1 left on base; Minnesota 2 - Connecticut 3
BOTTOM OF THE 6TH
Connecticut Huskies batting - Pitching for Minnesota Golden Gophers : RHP Franklin Booth
Batting: RHB Carlos Marino 0-0: Foul Ball, location: 2F
0-1: Ground out U3 (Groundball, 3S)
Batting: RHB Eric Black 0-0: Ball
1-0: Called Strike
1-1: Called Strike
1-2: Ball
2-2: Foul Ball, location: 2F
2-2: Foul Ball, location: 2F
2-2: Ball
3-2: Strikes out swinging
Batting: SHB Dalton Rowe 0-0: Foul Ball, location: 2F
0-1: Ball
1-1: SINGLE (Line Drive, 89S)
Batting: RHB Terry Dalton 0-0: Ball
1-0: Ball
2-0: Ball
3-0: Swinging Strike
3-1: Fly out, F8 (Flyball, 89M)
Bottom of the 6th over - 0 run(s), 1 hit(s), 0 error(s), 1 left on base; Minnesota 2 - Connecticut 3
TOP OF THE 7TH
Minnesota Golden Gophers batting - Pitching for Connecticut Huskies : RHP Mark Schmidt
Pitching: RHP Jason Carrière
Batting: SHB Sean Brown 0-0: Fly out, F8 (Line Drive, 8LM)
Batting: RHB Tim Glendonwyn 0-0: Ball
1-0: Foul Ball, location: 2F
1-1: SINGLE (Line Drive, 4M)
Batting: LHB Ralph Cobb 0-0: Swinging Strike
0-1: Ball
Tim Glendonwyn is caught stealing 2nd base
1-1: Called Strike
1-2: Strikes out looking
Top of the 7th over - 0 run(s), 1 hit(s), 0 error(s), 0 left on base; Minnesota 2 - Connecticut 3
BOTTOM OF THE 7TH
Connecticut Huskies batting - Pitching for Minnesota Golden Gophers : RHP Franklin Booth
Batting: RHB Michael Cobb 0-0: Fly out, F8 (Flyball, 8LM)
Pitching: RHP Máximo Rivera
Batting: RHB Ed Gaston 0-0: Called Strike
0-1: Foul Ball, location: 2F
0-2: SINGLE (Line Drive, 78S)
Batting: RHB Jake Osborn 0-0: Called Strike
0-1: Fly out, F5 (Line Drive, 5)
Batting: RHB Thomas Moore 0-0: Ball
1-0: Swinging Strike
1-1: Ground out 4-3 (Groundball, 4)
Bottom of the 7th over - 0 run(s), 1 hit(s), 0 error(s), 1 left on base; Minnesota 2 - Connecticut 3
TOP OF THE 8TH
Minnesota Golden Gophers batting - Pitching for Connecticut Huskies : RHP Jason Carrière
Pitching: RHP Paul Turner
Batting: RHB Julián Ramírez 0-0: Ball
1-0: Ball
2-0: Called Strike
2-1: Fly out, F7 (Line Drive, 7M)
Batting: RHB Ronald Smith 0-0: Ground out 6-3 (Groundball, 6)
Batting: RHB Miguel Rodríguez 0-0: Ball
1-0: Ball
2-0: Fly out, F7 (Flyball, 7M)
Top of the 8th over - 0 run(s), 0 hit(s), 0 error(s), 0 left on base; Minnesota 2 - Connecticut 3
BOTTOM OF THE 8TH
Connecticut Huskies batting - Pitching for Minnesota Golden Gophers : RHP Máximo Rivera
Batting: LHB Arthur MacDonald 0-0: Ball
1-0: Called Strike
1-1: Ball
2-1: Ball
3-1: Base on Balls
Batting: RHB Carlos Marino 0-0: Called Strike
0-1: Ball
1-1: Ball
2-1: Fly out, F8 (Flyball, 8LM)
Batting: RHB Eric Black 0-0: Called Strike
0-1: Called Strike
Arthur MacDonald is caught stealing 2nd base
0-2: SINGLE (Groundball, 56D)
Batting: SHB Dalton Rowe 0-0: Ball
1-0: Called Strike
1-1: SINGLE (Line Drive, 9S)
Eric Black to second
Batting: RHB Terry Dalton 0-0: Swinging Strike
0-1: Ball
1-1: Ball
2-1: Foul Ball, location: 2F
2-2: Ball
3-2: Base on Balls
Eric Black to third
Dalton Rowe to second
Batting: RHB Michael Cobb 0-0: Fly out, F7 (Popup, 7S)
Bottom of the 8th over - 0 run(s), 2 hit(s), 0 error(s), 3 left on base; Minnesota 2 - Connecticut 3
TOP OF THE 9TH
Minnesota Golden Gophers batting - Pitching for Connecticut Huskies : RHP Paul Turner
Pitching: LHP Will Hines
Now at C: Joe Wright
Batting: RHB Christian Nash 0-0: Ball
1-0: SINGLE (Line Drive, 3)
Batting: LHB Tony Ayala 0-0: Ball
1-0: Sac Bunt - play at second, runner OUT! 1-6
Batting: RHB William Elliott 0-0: Called Strike
0-1: Ball
1-1: Swinging Strike
1-2: Strikes out swinging
Batting: SHB Sean Brown 0-0: Ball
1-0: Called Strike
1-1: Ball
2-1: Foul Ball, location: 2F
2-2: Foul Ball, location: 2F
2-2: Fly out, F8 (Flyball, 8LS)
Top of the 9th over - 0 run(s), 1 hit(s), 0 error(s), 1 left on base; Minnesota 2 - Connecticut 3
Monday, December 5th, 2016 - OOTP Baseball 17.12 Build 75